 Dungeon Crawl Stone Soup version 0.24-a0-504-gcfb02b9d07 (webtiles) character file.

Game seed: 13329285762922286613

26027 KristoblXynda the Carver (level 12, -16/106 HPs)
             Began as a Yellow Draconian Monk on July 16, 2019.
             Was an Elder of Ashenzari.
             Demolished by a very large slime creature (44 damage)
             ... on level 14 of the Dungeon.
             The game lasted 00:39:08 (19081 turns).

KristoblXynda the Carver (Yellow Draconian Monk)   Turns: 19081, Time: 00:39:09

Health: -16/106    AC: 17    Str: 14    XL:     12   Next: 94%
Magic:  21/21      EV: 20    Int: 18    God:    Ashenzari [****..]
Gold:   887        SH:  0    Dex: 14    Spells: 20/23 levels left

rFire    . . .     SeeInvis +   O - +1 scimitar
rCold    . . .     Gourm    .   (no shield)
rNeg     . . .     Faith    .   (armour unavailable)
rPois    +         Spirit   .   N - +1 hat {SInv} (curse)
rElec    .         Reflect  .   P - +2 cloak {rPois} (curse)
rCorr    +         Harm     .   a - +2 pair of gloves
MR       +....     Clarity  +   f - +1 pair of boots (curse)
Stlth    ++++......             x - amulet of magic regeneration (curse)
HPRegen  0.27/turn              z - ring of protection from magic (curse)
MPRegen  0.42/turn              y - +3 ring of intelligence

@: short of breath
A: spit acid, unfitting armour, cold-blooded, acid resistance, AC +8
a: Breathe Acid, Curse Item, Scrying, Renounce Religion


You were on level 14 of the Dungeon.
You worshipped Ashenzari.
Ashenzari was greatly pleased with you.
You were hungry.

You visited 2 branches of the dungeon, and saw 15 of its levels.

You collected 992 gold pieces.
You spent 105 gold pieces at shops.

Inventory:

Hand Weapons
 k - the cursed +0 triple sword "Exuok" {elec, rF+ rN+ MR+ Dex+3}
   (You acquired it on level 12 of the Dungeon)

   Occasionally, upon striking a foe, it will discharge some electrical energy
   and cause terrible harm.
   It affects your dexterity (+3).
   It protects you from fire.
   It protects you from negative energy.
   It affects your resistance to hostile enchantments.
   It has a curse placed upon it.
 E - a +1 long sword
 O - a +1 scimitar (weapon)
Armour
 a - a +2 pair of gloves (worn)
 f - a cursed +1 pair of boots (worn)
 N - a cursed +1 hat of see invisible (worn)
 P - a cursed +2 cloak of poison resistance (worn)
Jewellery
 r - an uncursed ring of poison resistance
 s - an uncursed ring of positive energy
 x - a cursed amulet of magic regeneration (around neck)
 y - a +3 ring of intelligence (right hand)
 z - a cursed ring of protection from magic (left hand)
 B - an uncursed amulet of the gourmand
 H - an uncursed ring of ice
 K - an uncursed ring of protection from fire
Wands
 t - a wand of iceblast (5)
 F - a wand of digging (4)
 G - a wand of acid (2)
Scrolls
 g - 3 scrolls of blinking
 i - 5 scrolls of teleportation
 j - a scroll of immolation
 m - 3 scrolls of amnesia
 n - a scroll of enchant armour
 v - 3 scrolls of enchant weapon
 C - a scroll of remove curse
 I - 2 scrolls of magic mapping
 M - a scroll of identify
Potions
 c - 3 potions of flight
 d - a potion of resistance
 e - 2 potions of haste
 h - a potion of brilliance
 l - 4 potions of might
 p - 5 potions of curing
 q - 2 potions of mutation
 u - 3 potions of ambrosia
 w - 4 potions of lignification
 A - 2 potions of cancellation
 D - 2 potions of agility
 L - a potion of invisibility
Miscellaneous
 o - a lamp of fire (inert)
Comestibles
 b - 29 rations


   Skills:
 - Level 10.0 Fighting
 + Level 13.1 Long Blades
 - Level 10.0(12.1) Dodging
 - Level 5.5(7.8) Stealth
 + Level 6.1 Spellcasting
 + Level 4.1(6.2) Charms
 + Level 6.4(8.8) Evocations


You had 20 spell levels left.
You knew the following spells:

 Your Spells              Type           Power        Failure   Level  Hunger
a - Regeneration          Chrm/Necr      ###.......   10%         3    ##.....

Your spell library contained the following spells:

 Spells                   Type           Power        Failure   Level  Hunger
 Animate Skeleton         Necr           N/A          11%         1    None
 Magic Dart               Conj           #...         11%         1    None
 Pain                     Necr           #...         11%         1    None
 Sting                    Conj/Pois      #...         11%         1    None
 Poisonous Vapours        Pois/Air       #.....       16%         2    None
 Searing Ray              Conj           #.....       16%         2    None
 Dazzling Spray           Conj/Hex       #.....       32%         3    ##.....
 Mephitic Cloud           Conj/Pois/Air  #.......     32%         3    ##.....
 Vampiric Draining        Necr           #.........   32%         3    ##.....
 Animate Dead             Necr           N/A          71%         4    ####...
 Force Lance              Conj/Tloc      #.......     71%         4    ####...
 Fulminant Prism          Conj/Hex       #.........   71%         4    ####...
 Iskenderun's Mystic Bla  Conj           #.......     71%         4    ####...
 Olgreb's Toxic Radiance  Pois           #.......     71%         4    ####...
 Venom Bolt               Conj/Pois      #.........   96%         5    #####..


Dungeon Overview and Level Annotations

Branches:
Dungeon (14/15)            Temple (1/1) D:7            Lair (0/6) D:11
    Orc (0/2) D:10
 Vaults: D:13-14

Altars:
Ashenzari
Cheibriados
Dithmenos
Elyvilon
Fedhas
Gozag
Hepliaklqana
Kikubaaqudgha
Makhleb
Nemelex Xobeh
Okawaru
Qazlal
Ru
Sif Muna
Trog
Uskayaw
Vehumet
Wu Jian
Xom
Yredelemnul
Zin
The Shining One

Shops:
D:4 [   D:8 (   D:10 *

Annotations:
D:3 3 runed translucent doors, KrasnyyBoyets's ghost, amateur MiFi


Innate Abilities, Weirdness & Mutations

You can spit globs of acid.
Your golden yellow scales are hard. (AC +8)
You cannot fit into any form of body armour.
You are cold-blooded and may be slowed by cold attacks.
You are resistant to acid. (rCorr)


Message History

Two slime creatures merge to form a very large slime creature.
You hit the very large slime creature.
The very large slime creature is heavily wounded.
You barely miss the very large slime creature.
The very large slime creature is heavily wounded.
You barely miss the very large slime creature.
The very large slime creature is heavily wounded.
The very large slime creature completely misses you.
You slash the very large slime creature!
You tail-slap the very large slime creature.
The very large slime creature is heavily wounded.
The very large slime creature hits you!!!
You slash the very large slime creature!
The very large slime creature is heavily wounded.
You slash the very large slime creature!
The very large slime creature is severely wounded.
The very large slime creature hits you!!
* * * LOW HITPOINT WARNING * * *
The very large slime creature hits you!!!
You die...

## ####### ####### #.
#?....###...#.#######.
#.#.......#<..........
#...J.#*#.......####..
#.###@# ####...## #.#
#.# #.# ##.## #.#
#.###.# #.# #.#
#.....# #.# #.#
#.##..# ##+## #.#
#.....# ##...## #.#
####.## ##.....## #..
##..# ##.......#####
##...####.........####


You could see a very large slime creature.

Vanquished Creatures
  4 hydras
  6 two-headed ogres
  2 unseen horrors (D:10)
  A harpy (D:12)
  2 deep elf magi
  2 ugly things
  A manticore (D:10)
  Psyche (D:12)
  A gargoyle (D:13)
  2 freezing wraiths (D:12)
  5 trolls
  3 hippogriffs
  A snapping turtle (D:8)
  2 shadows
  A wraith (D:13)
  19 yaks
  2 vampires
  3 wyverns
  4 hogs (D:12)
  2 humans
  2 basilisks
  A steam dragon (D:12)
  A warg (shapeshifter) (D:12)
  3 vampire mosquitoes (D:12)
  A warg (D:9)
  A soldier ant (D:12)
  Duvessa (D:7)
  3 orc warriors
  A water moccasin (D:10)
  A hornet zombie (D:6)
  A black bear (D:11)
  4 ice beasts
  3 sky beasts
  3 phantoms
  7 centaurs
  4 ogres
  5 eyes of draining
  3 big kobolds
  8 bullfrogs
  Dowan (D:7)
  A wyvern zombie (D:7)
  A wyvern skeleton (D:13)
  2 water moccasin skeletons
  3 wights (D:9)
  3 howler monkeys
  6 crimson imps
  5 centaur zombies
  2 centaur skeletons
  5 hounds
  7 orc priests
  2 jellies
  13 orc wizards
  4 bullfrog skeletons
  10 worker ants
  Crazy Yiuf (D:7)
  4 iguanas
  A killer bee zombie (D:7)
  A hound zombie (D:6)
  A hound skeleton (D:11)
  A howler monkey zombie (D:7)
  A worker ant zombie (D:5)
  2 howler monkey skeletons
  11 adders
  4 gnolls (D:4)
  A shadow imp (D:14)
  An ooze (D:5)
  An adder zombie (D:9)
  An adder skeleton (D:7)
  2 worms (D:2)
  4 dart slugs
  5 leopard geckos
  57 orcs
  10 giant cockroaches
  8 goblins
  7 hobgoblins
  6 jackals
  4 quokkas
  15 bats
  11 frilled lizards
  A jackal skeleton (D:6)
  A jackal zombie (D:5)
  26 kobolds
  5 rats
375 creatures vanquished.

Notes
Turn   | Place    | Note
-------+----------+-------------------------------------------
     0 | D:1      | KristoblXynda the Draconian Monk began the quest for the
                  | Orb.
     0 | D:1      | Reached XP level 1. HP: 19/19 MP: 1/1
   209 | D:1      | Reached XP level 2. HP: 26/26 MP: 2/2
   475 | D:1      | Reached XP level 3. HP: 30/31 MP: 3/3
   485 | D:1      | Found a glowing golden altar of the Shining One.
   997 | D:2      | Reached skill level 4 in Long Blades
  1021 | D:2      | Reached XP level 4. HP: 22/40 MP: 4/4
  2227 | D:3      | Reached XP level 5. HP: 39/46 MP: 5/5
  2795 | D:3      | Found a blossoming altar of Fedhas.
  2796 | D:3      | Found an ancient bone altar of Kikubaaqudgha.
  3065 | D:3      | Found a runed translucent gate.
  3065 | D:3      | Found a runed translucent gate.
  3121 | D:3      | Found a runed translucent gate.
  3122 | D:3      | Noticed KrasnyyBoyets's ghost (amateur MiFi)
  3459 | D:4      | Reached skill level 5 in Long Blades
  3729 | D:4      | Noticed a phantom
  3817 | D:4      | Killed a phantom
  3817 | D:4      | Reached XP level 6. HP: 17/53 MP: 6/6
  4078 | D:4      | Reached skill level 5 in Fighting
  4180 | D:4      | Found Tyluj's Armour Shop.
  4212 | D:4      | Reached skill level 6 in Long Blades
  4215 | D:4      | Your scales start taking on a golden yellow colour.
  4215 | D:4      | Reached XP level 7. HP: 30/61 MP: 7/7
  4215 | D:4      | Gained mutation: You are resistant to acid. (rCorr) [Yellow
                  | Draconian growth]
  4284 | D:4      | Found an ornate altar of the Wu Jian Council.
  5202 | D:5      | Entered Level 5 of the Dungeon
  5954 | D:6      | Reached skill level 7 in Long Blades
  6242 | D:6      | Reached skill level 5 in Dodging
  6242 | D:6      | Reached XP level 8. HP: 51/70 MP: 8/8
  6477 | D:6      | Reached skill level 1 in Evocations
  6678 | D:6      | Found a burning altar of Makhleb.
  7033 | D:6      | Found a hide-covered altar of Uskayaw.
  7225 | D:7      | Found a shattered altar of Ashenzari.
  7235 | D:7      | Became a worshipper of Ashenzari the Shackled
  7235 | D:7      | Reached * piety under Ashenzari
  7235 | D:7      | Reached ** piety under Ashenzari
  7243 | D:7      | Found a hazy altar of Hepliaklqana.
  7266 | D:7      | Reached skill level 8 in Long Blades
  7293 | D:7      | Found a staircase to the Ecumenical Temple.
  7306 | D:7      | Noticed Dowan
  7307 | D:7      | Noticed Duvessa
  7318 | D:7      | Killed Duvessa
  7319 | D:7      | Killed Dowan
  7335 | D:7      | HP: 5/105 [howler monkey zombie (3)]
  7691 | D:7      | Found a bloodstained altar of Trog.
  7859 | D:7      | Reached skill level 9 in Long Blades
  7859 | D:7      | Reached XP level 9. HP: 73/75 MP: 11/11
  8050 | D:7      | Found a runed translucent door.
  8052 | D:7      | Noticed Crazy Yiuf
  8059 | D:7      | Killed Crazy Yiuf
  8106 | Temple   | Entered the Ecumenical Temple
  8338 | D:8      | Found Xist's Weapon Shop.
  8345 | D:8      | Noticed a cyclops
  8360 | D:8      | a cyclops changed into a snapping turtle
  9477 | D:9      | Reached skill level 10 in Long Blades
  9507 | D:9      | Reached skill level 5 in Evocations
  9800 | D:9      | Reached XP level 10. HP: 63/84 MP: 13/13
 10159 | D:9      | Found a stormy altar of Qazlal.
 10159 | D:9      | Found a sacrificial altar of Ru.
 10373 | D:9      | Reached *** piety under Ashenzari
 10484 | D:9      | Found a glowing silver altar of Zin.
 10484 | D:9      | Found a shimmering altar of Xom.
 10484 | D:9      | Noticed an angel
 10687 | D:10     | Entered Level 10 of the Dungeon
 10762 | D:10     | Found Caynij's Assorted Antiques.
 10790 | D:10     | Bought a copper ring for 105 gold pieces
 10820 | D:10     | Noticed an unseen horror
 10824 | D:10     | Noticed a two-headed ogre
 10829 | D:10     | Killed an unseen horror
 10840 | D:10     | Killed a two-headed ogre
 10840 | D:10     | Reached skill level 11 in Long Blades
 10969 | D:10     | Found a staircase to the Orcish Mines.
 10983 | D:10     | Noticed an unseen horror
 11693 | D:10     | Killed an unseen horror
 11725 | D:10     | Noticed a manticore
 11737 | D:10     | Killed a manticore
 12233 | D:10     | Noticed a two-headed ogre
 12248 | D:10     | Killed a two-headed ogre
 12248 | D:10     | Reached skill level 5 in Stealth
 12248 | D:10     | Reached XP level 11. HP: 94/94 MP: 14/14
 12417 | D:11     | Noticed a two-headed ogre
 12444 | D:11     | Killed a two-headed ogre
 12763 | D:11     | Learned a level 3 spell: Regeneration
 12773 | D:11     | Found a staircase to the Lair.
 12912 | D:11     | Reached skill level 1 in Spellcasting
 14232 | D:11     | Reached skill level 12 in Long Blades
 14529 | D:12     | Reached **** piety under Ashenzari
 15160 | D:12     | Noticed Psyche
 15169 | D:12     | Killed Psyche
 15263 | D:12     | Noticed a harpy
 15263 | D:12     | Noticed a centaur warrior
 15265 | D:12     | Noticed an eight-headed hydra
 15278 | D:12     | Killed a harpy
 15591 | D:12     | Identified 3 scrolls of acquirement
 15656 | D:12     | Got the cursed triple sword "Exuok" {elec, rF+ rN+ MR+
                  | Dex+3}
 15657 | D:12     | Identified the cursed +0 triple sword "Exuok" {elec, rF+
                  | rN+ MR+ Dex+3} (You acquired it on level 12 of the Dungeon)
 15904 | D:12     | Killed a 20-headed hydra
 15904 | D:12     | Reached XP level 12. HP: 97/106 MP: 17/17
 16429 | D:12     | Reached skill level 10 in Fighting
 16650 | D:12     | Noticed a two-headed ogre
 16650 | D:12     | Noticed a two-headed ogre
 16684 | D:12     | Killed a two-headed ogre
 16684 | D:12     | Reached skill level 1 in Charms
 16699 | D:12     | Killed a two-headed ogre
 17073 | D:12     | Reached skill level 10 in Dodging
 17178 | D:12     | Reached skill level 5 in Spellcasting
 17323 | D:12     | Noticed a six-headed hydra
 17335 | D:12     | Killed a nine-headed hydra
 17616 | D:13     | Noticed a four-headed hydra
 17673 | D:13     | Killed a four-headed hydra
 18110 | D:13     | Noticed a two-headed ogre
 18121 | D:13     | Killed a two-headed ogre
 18147 | D:13     | Reached skill level 13 in Long Blades
 18153 | D:13     | Noticed a six-headed hydra
 18704 | D:13     | Killed a six-headed hydra
 19081 | D:14     | Demolished by a very large slime creature

Levels and vault maps discovered:
D:1:      dpeg_arrival_three_smaller_balls, layout_basic,
          hangedman_decor_clover_reticule, tso_metal_star
D:2:      layout_basic
D:3:      layout_loops_corners, grunt_temple_overflow_growth_and_decay,
          gammafunk_ghost_necromancy, minmay_misc_feat_tiny,
          kennysheep_generic_room_11
D:4:      layout_basic, nicolae_overflow_crystal_walls, serial_shops, shop,
          first_ration, minmay_misc_feat_doors
D:5:      layout_cave_pools
D:6:      layout_loops_ring, marbit_many_paths, lemuel_doored_altar
D:7:      layout_cave_pools, bloody_trog, old_standard_altar, ashenzari_altar_1,
          minmay_temple_entry_sparse_star, uniq_crazy_yiuf_cottage, uniq_duvessa
D:8:      layout_loops_cross, serial_shops, shop
D:9:      layout_basic, gammafunk_temple_overflow_wave,
          grunt_temple_overflow_order_and_chaos_1
D:10:     layout_roguey, erik_orc_4, serial_shops, shop_coins,
          minmay_misc_feat_x
D:11:     layout_rooms, lair_entry_dummy
D:12:     minmay_blocky_corners, layout_irregular_city, grunt_livestock,
          minmay_joined_circles, uniq_psyche
D:13:     layout_rooms, hangedman_decor_opposing
D:14:     layout_loops_corners, skrybe_vaults_entry_preservation,
          chequers_serial_rivers_micro_d
Temple:   zaba_magenta_temple

Skill      XL: |  1  2  3  4  5  6  7  8  9 10 11 12 |
---------------+-------------------------------------+-----
Dodging        | 3 4 5 6 7 8 9 10 | 10.0
Long Blades    | 4 5 6 7 9 10 11 12 13 | 13.1
Fighting       | 4 5 6 8 9 10 | 10.0
Evocations     | 3 5 6 |  6.4
Stealth        | 2 5 |  5.5
Spellcasting   | 3 6 |  6.1
Charms         | 4 |  4.1

Action                   |  1- 3 |  4- 6 |  7- 9 | 10-12 || total
-------------------------+-------+-------+-------+-------++-------
Melee: Falchion          |   103 |   249 |   111 |       ||   463
       Tailslap          |    16 |    32 |    78 |   154 ||   280
       Long sword        |       |       |   342 |   451 ||   793
       Scimitar          |       |       |       |   424 ||   424
Invok: Curse Item        |       |       |     4 |     1 ||     5
 Abil: Breathe Acid      |       |       |    14 |    44 ||    58
Evoke: Wand              |       |       |     7 |    21 ||    28
       Lamp of fire      |       |       |       |     1 ||     1
  Use: Scroll            |       |     5 |    12 |    23 ||    40
       Potion            |       |     3 |     3 |     1 ||     7
 Stab: Sleeping          |     4 |     1 |     7 |    17 ||    29
       Distracted        |       |       |     1 |     1 ||     2
       Paralysed         |       |       |       |    57 ||    57
  Eat: Chunk             |       |    10 |    19 |    21 ||    50
       Ration            |       |       |     1 |     5 ||     6
Armor: Skin              |    26 |   106 |   157 |   213 ||   502
Dodge: Dodged            |    92 |   196 |   333 |   672 ||  1293
       Rpst.: Falchion   |    32 |    64 |    19 |       ||   115
       Long sword        |       |       |    89 |    97 ||   186
       Scimitar          |       |       |       |    77 ||    77

Table legend:
 A = Non-vault XP
 B = Vault XP
 C = Vault XP percentage of total XP
 D = Non-vault monster count
 E = Vault monster count
 F = Vault count percentage of total count
                 A         B        C        D         E       F
            +---------+---------+-------+---------+---------+-------
      Total |   28704 |    8478 |  22.8 |     331 |      44 |  11.7
            +---------+---------+-------+---------+---------+-------
        D:1 |      50 |       0 |   0.0 |      26 |       0 |   0.0
        D:2 |     101 |       0 |   0.0 |      31 |       0 |   0.0
        D:3 |     144 |       3 |   2.0 |      31 |       2 |   6.1
        D:4 |     616 |       0 |   0.0 |      21 |       0 |   0.0
        D:5 |     334 |       0 |   0.0 |      13 |       0 |   0.0
        D:6 |     704 |       0 |   0.0 |      22 |       0 |   0.0
        D:7 |     695 |     262 |  27.4 |      12 |       3 |  20.0
        D:8 |     754 |       0 |   0.0 |      20 |       0 |   0.0
        D:9 |    2585 |     166 |   6.0 |      26 |       1 |   3.7
       D:10 |    4557 |     632 |  12.2 |      15 |      17 |  53.1
       D:11 |    6604 |       0 |   0.0 |      55 |       0 |   0.0
       D:12 |    4027 |    7415 |  64.8 |      33 |      21 |  38.9
       D:13 |    6498 |       0 |   0.0 |      22 |       0 |   0.0
       D:14 |    1035 |       0 |   0.0 |       4 |       0 |   0.0
            +---------+---------+-------+---------+---------+-------
